 Dungeon Crawl Stone Soup version 0.19.5 (console) character file.

50387 Hahodo the Carver (level 14, -24/79 HPs)
             Began as a Vine Stalker Berserker on Apr 15, 2017.
             Was a High Priest of Trog.
             Killed from afar by a storm dragon (28 damage)
             ... with a bolt of lightning
             ... on level 12 of the Dungeon on Apr 16, 2017.
             The game lasted 01:54:42 (17272 turns).

Hahodo the Carver (Vine Stalker Berserker)         Turns: 17272, Time: 01:54:42

Health: -24/79     AC: 19    Str: 35    XL:     14   Next: 55%
Magic:  0/19       EV: 13    Int: 12    God:    Trog [*****.]
Gold:   1301       SH:  4    Dex: 16    Spells: 0 memorised, 13 levels left

rFire  . . .     SeeInvis .     a - +0 long sword
rCold  . . .     Gourm    .     u - +1 chain mail {rPois}
rNeg   . . .     Faith    .     (no shield)
rPois  +         Spirit   +     O - +0 helmet
rElec  .         Reflect  .     k - +0 cloak
rCorr  .         Harm     .     p - +1 pair of gloves
MR     ++++.     NoTele   +     s - +2 pair of boots {Stlth+}
Stlth  +++.......               M - amulet "Milaasa" {-Tele +Rage rPois Str+8 Int+2}
                                W - ring "Foowneptost" {MR+ Str+2 Dex-4 Stlth+}
                                I - ring of Qenaranecw {rPois Str+2 Int+3 Dex+4}

@: exhausted, regenerating, slowed, very slow
A: fangs 3, large bone plates 1, regeneration 2, magic shield, antimagic bite,
no device heal 3, rot immunity
a: Berserk, Trog's Hand, Brothers in Arms, Burn Spellbooks, Renounce Religion,
Evoke Berserk Rage


You were on level 12 of the Dungeon.
You worshipped Trog.
Trog was extremely pleased with you.
You were near starving.

You visited 2 branches of the dungeon, and saw 18 of its levels.
You also visited: Trove.

You collected 1301 gold pieces.

Inventory:

Hand Weapons
 a - a +0 long sword (weapon)
 b - a +4 hunting sling of velocity
 y - a +0 fustibalus
Missiles
 f - 126 sling bullets
Armour
 k - a +0 cloak (worn)
 p - a +1 pair of gloves (worn)
 s - a +2 pair of boots of stealth (worn)
 u - a +1 chain mail of poison resistance (worn)
 O - a +0 helmet (worn)
Jewellery
 I - the ring of Qenaranecw (left hand) {rPois Str+2 Int+3 Dex+4}
   (You found it in a treasure trove)

   [ring of poison resistance]

   It affects your strength (+2).
   It affects your intelligence (+3).
   It affects your dexterity (+4).
   It protects you from poison.
 J - an uncursed amulet of regeneration
 M - the amulet "Milaasa" (around neck) {-Tele +Rage rPois Str+8 Int+2}
   (You found it in a treasure trove)

   [amulet of rage]

   It affects your strength (+8).
   It affects your intelligence (+2).
   It protects you from poison.
   It lets you go berserk.
   It prevents most forms of teleportation.
 W - the ring "Foowneptost" (right hand) {MR+ Str+2 Dex-4 Stlth+}
   (You found it in a treasure trove)

   [ring of strength]

   It affects your strength (+2).
   It affects your dexterity (-4).
   It affects your resistance to hostile enchantments.
   It makes you more stealthy.
Wands
 v - a wand of disintegration (7/24)
 C - a wand of acid (9/15)
 H - a wand of hasting (5/9)
 Q - a wand of confusion (11/48)
 S - a wand of polymorph (8/24)
 V - a wand of disintegration (8/24)
Scrolls
 e - a scroll of magic mapping
 i - a scroll of enchant weapon
 r - 4 scrolls of remove curse
 w - 4 scrolls of recharging
 A - 3 scrolls of teleportation
 B - a scroll of fog
 F - 2 scrolls of identify
Potions
 d - a potion of flight {unknown}
 h - 3 potions of haste
 l - 8 potions of curing
 m - a potion of berserk rage {unknown}
 q - a potion of brilliance {unknown}
 x - 2 potions of cancellation
 z - 2 potions of invisibility
 D - 5 potions of agility
 E - a potion of might {unknown}
 G - 2 potions of cure mutation
 R - 2 potions of magic {unknown}
Books
 o - a book of Maledictions

   Spells                             Type                      Level
   a - Corona                         Hexes                        1
   b - Ensorcelled Hibernation        Hexes/Ice                    2
   c - Confuse                        Hexes                        3
   d - Tukima's Dance                 Hexes                        3
   e - Dazzling Spray                 Conjuration/Hexes            3
   Trog disapproves of the use of such an item.
 L - a book of Callings

   Spells                             Type                      Level
   a - Summon Small Mammal            Summoning                    1
   b - Call Imp                       Summoning                    2
   c - Call Canine Familiar           Summoning                    3
   d - Summon Guardian Golem          Hexes/Summoning              3
   e - Summon Lightning Spire         Summoning/Air                4
   f - Summon Ice Beast               Ice/Summoning                4
   Trog disapproves of the use of such an item.
Miscellaneous
 t - a disc of storms
 K - a lamp of fire (inert)
Comestibles
 c - 13 bread rations
 g - 5 chunks of flesh
 n - 8 meat rations
 N - a beef jerky
 U - 19 fruits


   Skills:
 + Level 11.5 Fighting
 - Level 14.0 Long Blades
 - Level 7.0 Slings
 - Level 7.1 Armour
 + Level 6.0 Dodging
 - Level 7.0 Stealth
 - Level 6.2 Evocations


You had 13 spell levels left.
You didn't know any spells.

Dungeon Overview and Level Annotations

Branches:
Dungeon (12/15)            Temple (0/1) D:6            Lair (6/6) D:10
 Shoals (0/4) Lair:2       Spider (0/4) Lair:2        Slime (0/5) Lair:6
    Orc (0/2) D:12

Altars:
Ashenzari
Cheibriados
Dithmenos
Gozag
Hepliaklqana
Makhleb
Okawaru
Qazlal
Ru
Sif Muna
Yredelemnul
Jiyva

Shops:
D:8 }%

Annotations:
D:3 Grinder
D:5 Sigmund
D:7 exclusion: oklob plant
Lair:6 GEC's ghost, journeyman FeSu


Innate Abilities, Weirdness & Mutations

You have razor-sharp teeth.
You heal very quickly.
When hurt, damage is shared between your health and your magic reserves.
Your bite disrupts and absorbs the magic of your enemies.
Potions and wands cannot restore your health.
You are immune to rotting.
You are partially covered in large bone plates. (SH +4)


Message History

Your two-headed ogre hits the storm dragon with a giant club!!
Your two-headed ogre barely misses the storm dragon.
The storm dragon bites your two-headed ogre!!
The storm dragon claws your two-headed ogre!
The storm dragon tramples your two-headed ogre.
Your two-headed ogre holds its ground!
Your two-headed ogre closely misses the storm dragon.
Your two-headed ogre barely misses the storm dragon.
Your two-headed ogre goes berserk!
You feel quite a bit more hungry.
The storm dragon breathes lightning at your two-headed ogre.
The bolt of lightning hits your two-headed ogre.
Your two-headed ogre dies!
Your two-headed ogre's corpse disappears in a puff of smoke!
The bolt of lightning hits you!
* * * LOW HITPOINT WARNING * * *
The bolt of lightning hits your two-headed ogre.
The storm dragon breathes lightning at your two-headed ogre.
The bolt of lightning hits you!
You die...

##.#####.###.................#
#.####...###.####.#########.#
#......#.....# #.# #.#
######...##### #.# #.# ##.##
#.##### #.# #.# ######:|## #.#
#.# #.%.##c)}# #.# #)#
#O##.#)W)# ##.# ###)###
#@###C### #..# #.....##
##D###.## #.## ###......#
#..ยง###.# #.# #
#...._...####.#.C##:####.# #
#...........#...#c%.#.##.# #
#.......##.###.######.##.# #
#.########.##).# #..##.# # #.#
#.##(######..##.#### # #.##
#...(..).....##....#


You could see a storm dragon, a fire giant, a yaktaur captain and a friendly
two-headed ogre (berserk).

Vanquished Creatures
  Kirke (Lair:5)
  A frost giant (D:12)
  Josephine (Lair:5)
  3 hydras
  A death yak (Lair:2)
  A slime creature (D:12)
  A flayed ghost (D:12)
  A hill giant (D:12)
  A cyclops (D:12)
  3 sirens (Lair:2)
  3 centaur zombies
  A black mamba (Lair:6)
  A faun (shapeshifter) (D:12)
  Joseph (D:9)
  Psyche (D:9)
  A torpor snail (Lair:2)
  A gargoyle (D:12)
  10 spiny frogs
  5 komodo dragons
  2 trolls
  A merfolk (Lair:2)
  3 polar bears (Lair:6)
  A hornet (Lair:6)
  A two-headed ogre (D:11)
  9 hippogriffs
  10 dream sheep (Lair:6)
  8 blink frogs
  12 spriggans
  2 shadows (D:12)
  A redback (Lair:6)
  3 wyverns
  63 yaks
  6 fire bats (Lair:2)
  3 wraiths (Lair:5)
  7 hogs (Lair:5)
  5 basilisks
  2 steam dragons (D:12)
  4 wargs (D:12)
  A soldier ant (D:11)
  2 black bears
  6 porcupines
  11 water moccasins
  2 orc warriors
  2 ice beasts (D:8)
  An eye of draining (D:11)
  A necrophage (D:6)
  4 ogres
  A sky beast (D:6)
  4 boggarts (Lair:6)
  41 wolves
  3 centaurs
  15 crocodiles
  9 bullfrogs
  A wyvern skeleton (D:8)
  A scorpion (D:10)
  9 killer bees
  3 wights (D:9)
  9 howler monkeys
  An electric eel (Lair:3)
  4 crimson imps
  A bullfrog zombie (D:10)
  3 hounds
  8 orc priests
  A jelly (D:10)
  3 bullfrog skeletons
  4 centaur skeletons
  4 iguanas
  13 orc wizards
  9 worker ants
  A hound skeleton (D:8)
  A worker ant zombie (D:5)
  3 gnolls (D:8)
  A howler monkey skeleton (D:4)
  12 adders
  3 shadow imps
  An adder zombie (D:8)
  2 worms
  2 dart slugs
  5 leopard geckos
  50 orcs
  2 ball pythons
  17 bats
  2 giant cockroaches
  8 goblins
  10 hobgoblins
  25 jackals
  4 quokkas
  7 frilled lizards
  A giant cockroach zombie (D:6)
  A jackal skeleton (D:6)
  7 kobolds
  A leopard gecko zombie (D:8)
  2 quokka zombies
  10 rats
  A bush (Lair:4)
  A butterfly (Lair:4)
  2 fungi
  A plant (D:10)
541 creatures vanquished.

Vanquished Creatures (collateral kills)
  A hydra (Lair:6)
  A hornet (Lair:6)
  A hippogriff (Lair:6)
  2 spriggans (Lair:6)
  A fire bat (Lair:2)
  A basilisk (Lair:6)
  A porcupine (Lair:2)
  2 crocodiles (Lair:6)
10 creatures vanquished.

Vanquished Creatures (others)
  21 fungi
  14 plants
35 creatures vanquished.

Grand Total: 586 creatures vanquished

Notes
Turn   | Place    | Note
-------+----------+-------------------------------------------
     0 | D:1      | Hahodo the Vine Stalker Berserker began the quest for the Orb.
     0 | D:1      | Reached XP level 1. HP: 11/11 MP: 2/2
   194 | D:1      | Reached skill level 3 in Long Blades
   201 | D:1      | Reached XP level 2. HP: 7/16 MP: 1/3
  1004 | D:1      | Reached XP level 3. HP: 18/19 MP: 4/4
  1114 | D:1      | Reached ** piety under Trog
  1355 | D:2      | Reached skill level 4 in Long Blades
  1455 | D:2      | Gained mutation: Your natural rate of healing is unusually fast. [Vine Stalker growth]
  1455 | D:2      | Reached XP level 4. HP: 8/23 MP: 5/5
  2286 | D:3      | Reached skill level 5 in Long Blades
  2286 | D:3      | Reached XP level 5. HP: 26/28 MP: 6/6
  2566 | D:3      | Reached *** piety under Trog
  2762 | D:3      | Noticed Grinder
  2986 | D:4      | Found a burning altar of Makhleb.
  2987 | D:4      | Found a snail-covered altar of Cheibriados.
  2989 | D:4      | Found an iron altar of Okawaru.
  3034 | D:4      | Reached XP level 6. HP: 32/32 MP: 7/7
  3057 | D:4      | Reached skill level 6 in Long Blades
  3161 | D:4      | Found a deep blue altar of Sif Muna.
  3315 | D:4      | Reached XP level 7. HP: 20/38 MP: 6/8
  3552 | D:5      | Entered Level 5 of the Dungeon
  3552 | D:5      | Noticed Sigmund
  3678 | D:5      | Found a stormy altar of Qazlal.
  3741 | D:5      | Reached skill level 5 in Fighting
  3976 | D:6      | Found a shattered altar of Ashenzari.
  4019 | D:6      | Found a staircase to the Ecumenical Temple.
  4025 | D:6      | Gained mutation: You have razor-sharp teeth. [Vine Stalker growth]
  4025 | D:6      | Reached XP level 8. HP: 43/45 MP: 7/9
  4218 | D:6      | Reached **** piety under Trog
  4630 | D:6      | Reached skill level 7 in Long Blades
  4907 | D:7      | Reached skill level 8 in Long Blades
  4945 | D:7      | Noticed a spriggan baker
  4957 | D:7      | Killed a spriggan baker
  4957 | D:7      | Reached XP level 9. HP: 41/50 MP: 10/10
  5020 | D:7      | Found a shadowy altar of Dithmenos.
  5021 | D:7      | Noticed an oklob plant
  5248 | D:8      | Reached skill level 9 in Long Blades
  5270 | D:8      | Found Voiciczeli's Food Boutique.
  5372 | D:8      | Found Kiqoneikh's Gadget Shoppe.
  5791 | D:8      | Found a hazy altar of Hepliaklqana.
  6253 | D:9      | Found a basalt altar of Yredelemnul.
  6275 | D:9      | Noticed Psyche
  6284 | D:9      | Killed Psyche
  6371 | D:9      | Found an opulent altar of Gozag.
  6374 | D:9      | Noticed Joseph
  6410 | D:9      | Killed Joseph
  6410 | D:9      | Reached XP level 10. HP: 25/55 MP: 11/11
  6845 | D:10     | Entered Level 10 of the Dungeon
  6896 | D:10     | Reached skill level 10 in Long Blades
  7295 | D:10     | Reached skill level 11 in Long Blades
  7504 | D:10     | Found a staircase to the Lair.
  8094 | Lair:1   | Entered Level 1 of the Lair of Beasts
  8129 | Lair:1   | Noticed a spiny frog
  8140 | Lair:1   | Killed a spiny frog
  8355 | Lair:1   | Noticed a spiny frog
  8366 | Lair:1   | Killed a spiny frog
  8366 | Lair:1   | Reached XP level 11. HP: 51/62 MP: 12/12
  8470 | Lair:1   | Reached skill level 5 in Dodging
  8950 | Lair:1   | Reached skill level 5 in Armour
  8979 | Lair:2   | Noticed a death yak
  9056 | Lair:2   | Reached ***** piety under Trog
  9397 | Lair:2   | Reached skill level 12 in Long Blades
  9474 | Lair:2   | Reached skill level 1 in Slings
  9529 | Lair:2   | Found a hole to the Spider Nest.
  9544 | Lair:2   | Found a staircase to the Shoals.
  9679 | Lair:2   | Killed a death yak
  9796 | Lair:2   | Gained mutation: You heal very quickly. [Vine Stalker growth]
  9796 | Lair:2   | Reached XP level 12. HP: 35/66 MP: 11/13
  9813 | Lair:2   | Reached skill level 5 in Slings
 10240 | Lair:3   | Noticed a four-headed hydra
 10449 | Lair:3   | Received a gift from Trog
 10788 | Lair:3   | Noticed a six-headed hydra
 10999 | Lair:4   | Reached skill level 1 in Evocations
 11252 | Lair:4   | Noticed a six-headed hydra
 11292 | Lair:4   | Killed a seven-headed hydra
 11303 | Lair:4   | Reached skill level 5 in Evocations
 11428 | Lair:4   | Got a brightly glowing lapis lazuli ring
 11429 | Lair:4   | Identified the ring of Bathexeke {*Slow rF+ Int+3 Dex+4 Stlth+} (You found it on level 4 of the Lair of Beasts)
 11912 | Lair:5   | Noticed Josephine
 11928 | Lair:5   | Killed Josephine
 11936 | Lair:5   | Reached XP level 13. HP: 70/70 MP: 6/18
 12021 | Lair:5   | Reached skill level 13 in Long Blades
 12471 | Lair:5   | Found a sacrificial altar of Ru.
 12832 | Lair:5   | Noticed Kirke
 12858 | Lair:5   | Killed Kirke
 12899 | Lair:6   | Entered Level 6 of the Lair of Beasts
 12950 | Lair:6   | Reached skill level 14 in Long Blades
 12952 | Lair:6   | Found a staircase to the Slime Pits.
 12989 | Lair:6   | Found a viscous altar of Jiyva.
 13033 | Lair:6   | Reached skill level 1 in Stealth
 13141 | Lair:6   | Noticed GEC's ghost (journeyman FeSu)
 13261 | Lair:6   | Reached skill level 5 in Stealth
 13383 | Lair:6   | Received a gift from Trog
 13445 | Lair:6   | Reached skill level 10 in Fighting
 13700 | Lair:6   | Received a gift from Trog
 13783 | Lair:6   | Reached XP level 14. HP: 70/77 MP: 6/19
 13800 | Lair:6   | Reached ****** piety under Trog
 13859 | Lair:6   | Got a warped ring mail
 13870 | Lair:6   | Identified the cursed +0 ring mail of an ice cave {+Fly Int+5} (You found it on level 6 of the Lair of Beasts)
 14709 | D:10     | Identified a scroll of acquirement
 14710 | D:10     | Got a dazzling scale mail
 14721 | D:10     | Identified the +2 scale mail of Undesirable Species {rElec rPois Str-2} (You acquired it on level 10 of the Dungeon)
 15055 | D:11     | Found a portal to a secret trove of treasure.
 15160 | D:11     | You paid a toll of a +8 demon blade to enter a treasure trove
 15161 | Trove    | Entered a treasure trove
 15170 | Trove    | Got a vibrating amber ring
 15175 | Trove    | Got a wavering tin amulet
 15179 | Trove    | Got a bound pewter ring
 15181 | Trove    | Got a translucent amber ring
 15216 | Trove    | Got a twitching tin ring
 15231 | Trove    | Identified the ring of Xateraor {*Slow rElec rC+ Dex+5 Stlth+} (You found it in a treasure trove)
 15233 | Trove    | Identified the ring "Foowneptost" {MR+ Str+2 Dex-4 Stlth+} (You found it in a treasure trove)
 15236 | Trove    | Identified the amulet "Milaasa" {-Tele +Rage rPois Str+8 Int+2} (You found it in a treasure trove)
 15237 | Trove    | Identified the ring of Qenaranecw {rPois Str+2 Int+3 Dex+4} (You found it in a treasure trove)
 15257 | Trove    | Identified the ring of Omanos {*Contam Int+2 Dex+6 Stlth+} (You found it in a treasure trove)
 15295 | Trove    | Gained mutation: You are dopey. (Int -2) [mutagenic glow]
 15477 | Trove    | Gained mutation: Your body sometimes deteriorates upon taking damage. [mutagenic glow]
 15496 | Trove    | Gained mutation: You are partially covered in large bone plates. (SH +4) [potion of mutation]
 15496 | Trove    | Gained mutation: You are robust. (+10% HP) [potion of mutation]
 15496 | Trove    | Lost mutation: You are dopey. (Int -2) [potion of mutation]
 15497 | Trove    | Lost mutation: Your body sometimes deteriorates upon taking damage. [potion of cure mutation]
 15497 | Trove    | Lost mutation: You are robust. (+10% HP) [potion of cure mutation]
 15960 | D:11     | Received a gift from Trog
 16983 | D:12     | Found a staircase to the Orcish Mines.
 17154 | D:12     | Found a shattered altar of Ashenzari.
 17235 | D:12     | Found a runed door.
 17235 | D:12     | Noticed a frost giant
 17237 | D:12     | Noticed a fire giant
 17237 | D:12     | Noticed a storm dragon
 17246 | D:12     | Killed a frost giant
 17269 | D:12     | HP: 3/79 [storm dragon (8)]
 17271 | D:12     | HP: 1/79 [storm dragon/bolt of lightning (8)]
 17272 | D:12     | Killed from afar by a storm dragon

Skill      XL: |  1  2  3  4  5  6  7  8  9 10 11 12 13 14 |
---------------+-------------------------------------------+-----
Long Blades    | 3 4 5 6 8 9 11 12 14 | 14.0
Fighting       | 3 4 6 7 9 10 11 | 11.5
Armour         | 4 5 7 |  7.1
Dodging        | 4 5 6 |  6.0
Slings         | 4 5 7 |  7.0
Evocations     | 6 |  6.2
Stealth        | 5 7 |  7.0

Action                   |  1- 3 |  4- 6 |  7- 9 | 10-12 | 13-15 || total
-------------------------+-------+-------+-------+-------+-------++-------
Melee: Falchion          |    89 |   184 |   359 |   612 |       ||  1244
       Bite              |    27 |    40 |   163 |   357 |   241 ||   828
       Triple sword      |       |       |       |    23 |       ||    23
       Demon blade       |       |       |       |   121 |   333 ||   454
       Long sword        |       |       |       |       |   162 ||   162
       Trident           |       |       |       |       |    14 ||    14
 Fire: Hunting sling     |       |       |     3 |     8 |    57 ||    68
Throw: Stone             |       |       |       |     4 |       ||     4
Invok: Berserk           |     1 |     2 |     4 |    15 |    10 ||    32
       Trog's Hand       |       |       |     2 |     7 |     2 ||    11
       Brothers in Arms  |       |       |       |     1 |     7 ||     8
       Burn Spellbooks   |       |       |       |     2 |       ||     2
Evoke: Wand              |       |       |       |     8 |     8 ||    16
       Lamp of fire      |       |       |       |       |     2 ||     2
  Use: Scroll            |       |       |     9 |    15 |    15 ||    39
       Potion            |       |       |       |       |     2 ||     2
 Stab: Held in net/web   |       |       |       |     1 |       ||     1
       Sleeping          |       |       |       |       |     1 ||     1
  Eat: Chunk             |     2 |     9 |    14 |    34 |    22 ||    81
       Pizza             |       |       |       |     2 |       ||     2
       Bread ration      |       |       |       |     1 |       ||     1
Armor: Animal skin       |    15 |     5 |       |       |       ||    20
       Leather armour    |       |    14 |       |       |       ||    14
       Chain mail        |       |    43 |   171 |   289 |   215 ||   718
Dodge: Dodged            |    59 |   103 |   156 |   498 |   290 ||  1106
Block: Other             |       |       |       |       |    26 ||    26
       Rpst.: Falchion   |    18 |    25 |    46 |   133 |       ||   222
       Triple sword      |       |       |       |     2 |       ||     2
       Demon blade       |       |       |       |    12 |    51 ||    63
       Long sword        |       |       |       |       |    11 ||    11
